 Dungeon Crawl Stone Soup version 0.23.0 (webtiles) character file.

Game seed: 10964430791610507637

13962 LostNumber the Basher (level 12, -1/79 HPs)
             Began as a Gargoyle Fighter on Feb 16, 2019.
             Was a High Priest of the Shining One.
             Slain by an orc knight
             ... wielding a +3 long sword of holy wrath
              (17 damage)
             ... on level 2 of the Orcish Mines.
             The game lasted 00:25:59 (12023 turns).

LostNumber the Basher (Gargoyle Fighter)           Turns: 12023, Time: 00:25:59

Health: -1/79      AC: 20    Str: 27    XL:     12   Next: 11%
Magic:  18/18      EV:  9    Int: 10    God:    the Shining One [*****.]
Gold:   1161       SH: 13    Dex: 11    Spells: 11/11 levels left

rFire    . . .     SeeInvis .   K - +5 mace (crush)
rCold    . . .     Gourm    .   c - +0 shield
rNeg     + + +     Faith    .   x - +3 scale mail {rPois}
rPois    ∞         Spirit   .   (no helmet)
rElec    +         Reflect  .   j - +0 cloak
rCorr    .         Harm     .   y - +0 pair of gloves
MR       .....                  (no boots)
Stlth    ..........             (no amulet)
HPRegen  0.23/turn              (no ring)
MPRegen  0.16/turn              (no ring)

@: mighty, glowing
A: negative energy resistance 1, electricity resistance, unbreathing,
petrification resistance, rot immunity, AC +8
a: Divine Shield, Cleansing Flame, Summon Divine Warrior, Renounce Religion


You were on level 2 of the Orcish Mines.
You worshipped the Shining One.
The Shining One was extremely pleased with you.
You were not hungry.

You visited 2 branches of the dungeon, and saw 13 of its levels.
You also visited: Ossuary.

You collected 1275 gold pieces.
You spent 114 gold pieces at shops.

Inventory:

Hand Weapons
 a - a +0 flail
 z - the +1 hunting sling of Wifel {flame, rF+ rC++ Int-2 Dex+2}
   (You found it on level 5 of the Dungeon)

   It causes projectiles fired from it to burn those they strike, causing extra
   injury to most foes and up to half again as much damage against particularly
   susceptible opponents.
   It affects your intelligence (-2).
   It affects your dexterity (+2).
   It protects you from fire.
   It greatly protects you from cold.
 B - the +4 rapier "Anenneoz" {venom, rF+}
   (You found it on level 5 of the Dungeon)

   It poisons the flesh of those it strikes.
   It protects you from fire.
 H - the +9 rapier "Ojinu Egoco" {protect, +Inv rC- MP+9 Dex+4}
   (You found it on level 10 of the Dungeon)

   It protects the one who uses it against injury (+AC on strike).
   It affects your dexterity (+4).
   It makes you vulnerable to cold.
   It affects your magic capacity (+9).
   It lets you turn invisible.
 K - a +5 mace of crushing (weapon)
   (You took it off a wight on level 8 of the Dungeon)
Armour
 b - a +0 scale mail
 c - a +0 shield (worn)
 j - a +0 cloak (worn)
   (You took it off Maurice on level 1 of the Orcish Mines)
 m - a +0 chain mail
   (You found it on level 1 of the Dungeon)
 t - a +0 plate armour
   (You found it on level 3 of the Dungeon)
 x - a +3 scale mail of poison resistance (worn)
   (You took it off Ijyb on level 3 of the Dungeon)
 y - a +0 pair of gloves (worn)
   (You found it on level 3 of the Dungeon)
Jewellery
 v - a +4 ring of intelligence
   (You found it on level 5 of the Dungeon)
Wands
 d - a wand of iceblast (6)
   (You took it off Maurice on level 1 of the Orcish Mines)
 w - a wand of polymorph (15)
   (You took it off Ijyb on level 3 of the Dungeon)
 P - a wand of enslavement (7)
   (You found it on level 9 of the Dungeon)
Scrolls
 f - 3 scrolls of fog
 g - 3 scrolls of enchant armour {unknown}
 h - 7 scrolls of teleportation {@r4}
 i - 5 scrolls of remove curse {@r2}
 k - 2 scrolls of immolation {unknown}
 n - 4 scrolls of noise {unknown}
 o - 5 scrolls of enchant weapon {unknown}
 r - 3 scrolls of fear {unknown}
 G - a scroll of blinking
Potions
 l - 4 potions of mutation {!q}
 p - 4 potions of heal wounds {@q2}
 q - 4 potions of curing {@q1}
 s - 3 potions of might
 u - 2 potions of berserk rage {unknown}
 A - a potion of agility {unknown}
 C - 3 potions of lignification {!q}
 D - 2 potions of flight {unknown}
 I - 3 potions of resistance
 M - a potion of ambrosia {unknown}
Comestibles
 e - 21 rations {!d}
 E - 3 chunks of flesh


   Skills:
 + Level 10.7 Fighting
 + Level 11.3 Maces & Flails
 - Level 3.2 Armour
 + Level 10.7 Shields
 + Level 9.3 Invocations


You had 11 spell levels left.
You didn't know any spells.
Your spell library contained the following spells:

 Spells                   Type           Power        Failure   Level  Hunger
 Corona                   Hex            #......      82%         1    ##.....
 Magic Dart               Conj           #...         82%         1    ##.....
 Ensorcelled Hibernation  Hex/Ice        #.....       91%         2    ###....
 Searing Ray              Conj           #.....       91%         2    ###....
 Confuse                  Hex            #.......     99%         3    ####...
 Dazzling Spray           Conj/Hex       #.....       99%         3    ####...
 Tukima's Dance           Hex            #.......     99%         3    ####...
 Force Lance              Conj/Tloc      #.......     100%        4    #####..
 Fulminant Prism          Conj/Hex       #.........   100%        4    #####..
 Iskenderun's Mystic Bla  Conj           #.......     100%        4    #####..


Dungeon Overview and Level Annotations

Branches:
Dungeon (11/15)            Temple (0/1) D:6             Orc (2/2) D:10
    Elf (0/3) Orc:2
   Lair: D:8-11

Altars:
Cheibriados
Hepliaklqana
Kikubaaqudgha
Okawaru
Sif Muna
Uskayaw
Xom
Zin
The Shining One

Shops:
D:6 ?}}(

Annotations:
D:6 3 runed translucent doors, Zaque's ghost, novice GrFi


Innate Abilities, Weirdness & Mutations

You are resistant to torment.
Your stone body is resilient. (AC +8)
You are immune to poison.
You resist negative energy. (rN+)
You are resistant to electric shocks. (rElec)
You can survive without breathing.
You are immune to petrification.
You are immune to rotting.


Message History

You feel agile.
You feel clever.
Items here: ))) [ † a +0 dire flail; a cursed -1 dagger; a +0 robe; a +0 dagger; an orc corpse 2 orc sorcerers come into view.
An orc sorcerer is wielding a +1 dagger of flaming.
The orc sorcerer shouts! x2; You hear a shout!
Items here: ))) [ † a +0 dire flail; a cursed -1 dagger; a +0 robe; a +0 dagger; an orc corpse You start waiting.
The orc sorcerer is too close now for your liking. 2 orc knights come into view.
An orc knight is wielding a +3 long sword of holy wrath.
The orc knight shouts! x2; You hear a shout!
You block the orc sorcerer's attack.
An orc high priest comes into view. It is wielding a +0 short sword.
The orc knight moves out of view.
You sock the orc sorcerer!
The orc sorcerer gestures at you while chanting.
The bolt of negative energy misses you.
You thump the orc sorcerer!
You kill the orc sorcerer!
The orc high priest utters an invocation to Beogh.
The orc knight roars a battlecry!
The orcs go into a battle-frenzy!
You block the orc sorcerer's attack.
You sock the orc sorcerer! You sock the orc sorcerer!
The neqoxec gestures.
The orc sorcerer hits you but does no damage.
The orc knight roars a battlecry!
The orc knight goes into a battle-frenzy!
You sock the orc sorcerer!
You kill the orc sorcerer!
You block the orc knight's attack.
You sock the orc high priest!
The orc high priest hits you but does no damage.
You sock the orc high priest!
The orc knight hits you with a +3 long sword of holy wrath!!
You block the orc high priest's attack.
An orc warrior comes into view. It is wielding a +0 trident.
You hit the orc high priest. The neqoxec gestures at you.
Something tries to feed on your intellect!
The orc knight hits you with a +3 long sword of holy wrath!!
* * * LOW HITPOINT WARNING * * *
The orc high priest hits you with a +0 short sword.
* * * LOW HITPOINT WARNING * * *
You sock the orc high priest!
The orc knight hits you with a +3 long sword of holy wrath!
You die...

##....[...#
##.#.###...###
#....##......#
##.###.......#
###.........#
##..........#
##.....#######
#...)###
#.o@## #.oo#
##355 #...4
##.5.. ##....
..o.. ##....


You could see 2 orc knights, an orc high priest, a neqoxec, a red devil, an orc
warrior, an iron imp and 2 quasits.

Vanquished Creatures
  An orc high priest (Orc:2)
  2 orc knights (Orc:1)
  A deep elf mage (D:11)
  4 orc sorcerers
  Maurice (Orc:1)
  4 centaur skeletons
  2 trolls
  A hornet (D:10)
  Grinder (D:3)
  Prince Ribbit (D:6)
  A spriggan (D:9)
  A vampire (D:10)
  11 yaks
  Menkaure (D:5)
  An ice beast (D:9)
  20 orc warriors
  4 ogres
  2 phantoms
  3 centaurs (D:9)
  A big kobold (D:8)
  3 bullfrogs
  A wyvern zombie (D:10)
  2 gnoll sergeants
  A wyvern skeleton (D:10)
  11 scorpions
  6 killer bees
  5 wights
  2 howler monkeys (D:10)
  A centaur zombie (Ossuary)
  5 crimson imps
  A bullfrog zombie (D:4)
  2 quasits
  3 hounds
  A jelly (D:5)
  3 human zombies (Ossuary)
  22 orc priests
  A bullfrog skeleton (D:4)
  Jessica (D:3)
  3 iguanas
  Ijyb (D:3)
  Terence (D:3)
  18 orc wizards
  6 worker ants
  4 big kobold zombies (Ossuary)
  4 hound skeletons
  4 mummies
  2 worker ant zombies
  8 gnolls
  15 adders
  A howler monkey skeleton (D:4)
  3 scorpion zombies (Ossuary)
  3 shadow imps
  An adder zombie (D:8)
  An adder skeleton (D:3)
  3 worms
  2 dart slugs (D:1)
  6 leopard geckos
  73 orcs
  8 bats
  8 giant cockroaches
  4 goblins
  10 hobgoblins
  14 jackals
  7 quokkas
  2 ball pythons
  3 frilled lizards
  2 goblin zombies (Ossuary)
  4 hobgoblin zombies
  9 kobolds
  A kobold zombie (Ossuary)
  A quokka zombie (D:5)
  9 rats
375 creatures vanquished.

Vanquished Creatures (others)
  An orc (Orc:2)
1 creature vanquished.

Grand Total: 376 creatures vanquished

Notes
Turn   | Place    | Note
-------+----------+-------------------------------------------
     0 | D:1      | LostNumber the Gargoyle Fighter began the quest for the
                  | Orb.
     0 | D:1      | Reached XP level 1. HP: 14/14 MP: 1/1
    66 | D:1      | Reached XP level 2. HP: 19/19 MP: 2/2
   534 | D:1      | Reached XP level 3. HP: 21/23 MP: 3/3
   827 | D:2      | Reached skill level 3 in Maces & Flails
   851 | D:2      | Found an iron altar of Okawaru.
   971 | D:2      | Found a hide-covered altar of Uskayaw.
  1439 | D:2      | Reached XP level 4. HP: 23/29 MP: 4/4
  1651 | D:2      | Found a deep blue altar of Sif Muna.
  1933 | D:3      | Noticed Ijyb
  1987 | D:3      | Reached XP level 5. HP: 33/33 MP: 5/5
  2002 | D:3      | Noticed Jessica
  2020 | D:3      | Killed Jessica
  2020 | D:3      | Reached skill level 4 in Maces & Flails
  2082 | D:3      | Reached XP level 6. HP: 33/39 MP: 6/6
  2086 | D:3      | Killed Ijyb
  2322 | D:3      | Found a snail-covered altar of Cheibriados.
  2325 | D:3      | Found a glowing silver altar of Zin.
  2328 | D:3      | Found a shimmering altar of Xom.
  2339 | D:3      | Noticed Terence
  2355 | D:3      | Killed Terence
  2396 | D:3      | Noticed Grinder
  2428 | D:3      | Killed Grinder
  2428 | D:3      | Reached skill level 5 in Fighting
  2428 | D:3      | Reached skill level 5 in Maces & Flails
  2428 | D:3      | Reached skill level 5 in Shields
  2428 | D:3      | Reached XP level 7. HP: 31/44 MP: 7/7
  2735 | D:4      | Found a glowing golden altar of the Shining One.
  2763 | D:4      | Became a worshipper of the Shining One
  2792 | D:4      | Reached skill level 6 in Maces & Flails
  2835 | D:4      | Reached skill level 1 in Invocations
  2844 | D:4      | Reached XP level 8. HP: 43/51 MP: 7/9
  3120 | D:5      | Entered Level 5 of the Dungeon
  3122 | D:5      | Got a crude hunting sling
  3124 | D:5      | Identified the +1 hunting sling of Wifel {flame, rF+ rC++
                  | Int-2 Dex+2} (You found it on level 5 of the Dungeon)
  3224 | D:5      | Noticed Menkaure
  3229 | D:5      | Killed Menkaure
  3229 | D:5      | Reached * piety under the Shining One
  3439 | D:5      | Got a warped rapier
  3443 | D:5      | Identified the +4 rapier "Anenneoz" {venom, rF+} (You found
                  | it on level 5 of the Dungeon)
  3929 | D:6      | Found Neehic's Gadget Shop.
  4042 | D:6      | Found Ytonoici's Magic Scroll Shop.
  4047 | D:6      | Found Anwiu's Gadget Boutique.
  4048 | D:6      | Bought a scroll of blinking for 90 gold pieces
  4048 | D:6      | Bought a scroll of fog for 24 gold pieces
  4051 | D:6      | Noticed Prince Ribbit
  4055 | D:6      | Reached skill level 7 in Maces & Flails
  4073 | D:6      | Killed Prince Ribbit
  4078 | D:6      | Found a staircase to the Ecumenical Temple.
  4145 | D:6      | Found Xiseot's Weapon Boutique.
  4284 | D:6      | Found a runed translucent gate.
  4284 | D:6      | Found a runed translucent gate.
  4284 | D:6      | Found a runed translucent gate.
  4342 | D:6      | Noticed Zaque's ghost (novice GrFi)
  4681 | D:7      | Found a sand-covered staircase.
  4690 | Ossuary  | Entered an ossuary
  4716 | Ossuary  | Reached ** piety under the Shining One
  4797 | Ossuary  | Reached XP level 9. HP: 52/56 MP: 11/11
  4865 | Ossuary  | Reached skill level 8 in Maces & Flails
  4923 | Ossuary  | Reached *** piety under the Shining One
  6123 | D:8      | Reached skill level 9 in Maces & Flails
  6130 | D:8      | Reached skill level 5 in Invocations
  6792 | D:9      | Reached XP level 10. HP: 56/64 MP: 12/14
  6833 | D:9      | Reached **** piety under the Shining One
  7406 | D:9      | Found a hazy altar of Hepliaklqana.
  7484 | D:9      | Reached skill level 10 in Maces & Flails
  7683 | D:10     | Entered Level 10 of the Dungeon
  7820 | D:10     | Found a staircase to the Orcish Mines.
  8078 | D:10     | Found an ancient bone altar of Kikubaaqudgha.
  8119 | D:10     | Reached XP level 11. HP: 59/71 MP: 16/16
  8310 | D:10     | Got a blackened rapier
  8473 | D:10     | Identified the +9 rapier "Ojinu Egoco" {protect, +Inv rC-
                  | MP+9 Dex+4} (You found it on level 10 of the Dungeon)
  8525 | D:11     | Reached ***** piety under the Shining One
  8532 | D:11     | Noticed a seven-headed hydra
  8735 | D:11     | Noticed a deep elf mage
  8750 | D:11     | Killed a deep elf mage
  9248 | D:11     | Noticed a death yak
  9249 | D:11     | Noticed a death yak
  9310 | Orc:1    | Entered Level 1 of the Orcish Mines
  9878 | Orc:2    | Entered Level 2 of the Orcish Mines
 10084 | Orc:2    | Noticed an orc sorcerer
 10099 | Orc:2    | Killed an orc sorcerer
 10288 | Orc:1    | Reached skill level 10 in Fighting
 10308 | Orc:1    | Reached skill level 10 in Shields
 10691 | Orc:2    | Found a staircase to the Elven Halls.
 10732 | Orc:1    | Noticed Maurice
 10747 | Orc:1    | Killed Maurice
 11063 | Orc:2    | Noticed an orc knight
 11103 | Orc:1    | Killed an orc knight
 11103 | Orc:1    | Reached skill level 11 in Maces & Flails
 11215 | Orc:2    | Noticed an orc sorcerer
 11215 | Orc:2    | Noticed an orc knight
 11216 | Orc:2    | Noticed an orc high priest
 11434 | Orc:2    | Paralysed by an orc sorcerer for 3 turns
 11594 | Orc:1    | Killed an orc sorcerer
 11627 | Orc:1    | Killed an orc knight
 12008 | Orc:2    | Killed an orc high priest
 12008 | Orc:2    | Reached XP level 12. HP: 79/79 MP: 18/18
 12014 | Orc:2    | Noticed an orc high priest
 12023 | Orc:2    | Slain by an orc knight

Skill      XL: |  1  2  3  4  5  6  7  8  9 10 11 |
---------------+----------------------------------+-----
Maces & Flails | 3 4 5 6 7 9 10 11 | 11.3
Shields        | 4 5 6 7 9 10 | 10.7
Fighting       | 4 5 6 7 9 10 | 10.7
Invocations    | 1 3 5 7 9 |  9.3
Armour         | |  3.2

Action                   |  1- 3 |  4- 6 |  7- 9 | 10-12 || total
-------------------------+-------+-------+-------+-------++-------
Melee: Flail             |   194 |   199 |   155 |       ||   548
       Rapier            |       |       |   322 |   231 ||   553
       Mace              |       |       |       |   402 ||   402
Invok: Divine Shield     |       |       |       |     2 ||     2
Evoke: Wand              |       |       |       |     1 ||     1
  Use: Potion            |       |     1 |       |     1 ||     2
       Scroll            |       |       |     4 |    15 ||    19
  Eat: Chunk             |     2 |     4 |    11 |    18 ||    35
       Ration            |       |       |     1 |       ||     1
Armor: Scale mail        |    84 |    48 |   239 |   271 ||   642
       Chain mail        |    61 |    15 |       |       ||    76
       Plate armour      |       |    50 |       |       ||    50
Dodge: Dodged            |    69 |    38 |   160 |   169 ||   436
Block: Shield            |   122 |   134 |   262 |   371 ||   889
